 Dungeon Crawl Stone Soup version 0.26-a0-639-g72c4674329 (webtiles) character file.

Game seed: 3670178751875239031

1631 Lanoc the Cudgeler (level 8, 0/75 HPs)
             Began as a Naga Chaos Knight on Sept 27, 2020.
             Was a Plaything of Xom.
             Slain by a cyclops (2 damage)
             ... on level 7 of the Dungeon.
             The game lasted 00:08:53 (4123 turns).

Lanoc the Cudgeler (Naga Chaos Knight)              Turns: 4123, Time: 00:08:53

Health: 0/75       AC: 11    Str: 21    XL:     8   Next: 98%
Magic:  8/8        EV:  9    Int: 12    God:    Xom [......]
Gold:   367        SH:  4    Dex: 13    Spells: 7/7 levels left

rFire    . . .     SeeInvis +   a - +0 mace (chaos)
rCold    . . .     Faith    .   r - +0 buckler (curse)
rNeg     . . .     Spirit   .   b - +2 leather armour
rPois    +         Reflect  .   (no helmet)
rElec    .         Harm     .   (no cloak)
rCorr    .         Rampage  .   (no gloves)
MR       ++...                  c - +0 barding
Stlth    +.........             j - amulet of regeneration
HPRegen  0.62/turn              g - +6 ring of strength
MPRegen  0.11/turn              (no ring)

@: stab, very slow
A: large, see invisible, deformed body, magic resistance 1, poison resistance,
slowness 2, spit poison 1, AC +2
a: Spit Poison, Renounce Religion


You were on level 7 of the Dungeon.
You worshipped Xom.
You were a very special plaything of Xom.
You visited 1 branch of the dungeon, and saw 7 of its levels.

You collected 367 gold pieces.

Inventory:

Hand Weapons
 a - a +0 mace of chaos (weapon)
 w - the +2 hand axe "Zomif" {venom, rF+}
   (You found it on level 6 of the Dungeon)

   It poisons the flesh of those it strikes.
   It protects you from fire.
Armour
 b - a +2 leather armour (worn)
 c - a +0 barding (worn)
 m - a +0 kite shield
 r - a cursed +0 buckler (worn)
Jewellery
 g - a +6 ring of strength (left hand)
 j - an amulet of regeneration (around neck)
Wands
 h - a wand of flame (15)
 o - a wand of random effects (11)
Scrolls
 d - 2 scrolls of enchant armour {unknown}
 e - 4 scrolls of identify {unknown}
 f - 3 scrolls of teleportation {unknown}
 k - 4 scrolls of remove curse {unknown}
 l - a scroll of random uselessness {unknown}
 n - a scroll of fear {unknown}
 q - 3 scrolls of amnesia {unknown}
 s - a scroll of enchant weapon {unknown}
 t - a scroll of holy word {unknown}
Potions
 i - a potion of flight
 p - a potion of ambrosia


   Skills:
 + Level 5.5 Fighting
 * Level 7.3 Maces & Flails
 + Level 4.2 Armour
 + Level 3.8 Dodging
 + Level 2.3 Shields


You had 7 spell levels left.
You didn't know any spells.
Your spell library contained the following spells:

 Spells                   Type           Power        Failure   Level
 Animate Skeleton         Necr           #.....       36%         1
 Apportation              Tloc           #.....       36%         1
 Corona                   Hex            #......      36%         1
 Summon Small Mammal      Summ           #...         36%         1


Dungeon Overview and Level Annotations

Branches:
Dungeon (7/15)             Temple (0/1) D:5

Altars:
Ashenzari
Cheibriados
Gozag
Hepliaklqana
Makhleb
Nemelex Xobeh
Qazlal
Ru
Vehumet
Wu Jian
Xom
Yredelemnul
Zin

Shops:
D:6 [

Annotations:
D:4 3 runed translucent doors, PanSaczeczos's ghost, amateur DrVM


Innate Abilities, Weirdness & Mutations

You cannot wear boots.
Your serpentine skin is tough. (AC +2)
You have supernaturally acute eyesight. (SInv)
Armour fits poorly on your strangely shaped body.
Your system is resistant to poisons. (rPois)
You cover ground very slowly.
You can spit poison.
You are resistant to hostile enchantments. (MR+)


Message History

The cyclops is moderately wounded.
The cyclops hits you!!
* * * LOW HITPOINT WARNING * * *
You hit the cyclops but do no damage.
The cyclops is moderately wounded.
The cyclops hits you!
* * * LOW HITPOINT WARNING * * *
It was a potion of cancellation.
Your magical effects are unravelling.
You feel magically purged.
You feel less invigorated.
You feel less confused. The cyclops hits you!
You die... "Hey, that's my plaything!"
Xom revives you!
It was a potion of stabbing.
You feel ready to backstab. The cyclops hits you.
You die...
Xom snickers!

..# #.##.#.#
. .........>
##. ........
...###.#....
...........
.#<.......
.......#[#
.......#(#
.......@(#
........C#
...?.....#
..........
#..(....###
.........
.........
.........


You could see a cyclops (fast).

Vanquished Creatures
  A yak (D:5)
  Menkaure (D:5)
  A sky beast (D:6)
  A black bear (D:6)
  An eye of draining (D:6)
  Blork the orc (D:5)
  2 scorpions
  A water moccasin skeleton (D:5)
  A howler monkey (D:4)
  A bullfrog zombie (D:5)
  A hound (D:4)
  A gnoll shaman (D:4)
  2 jellies
  3 orc priests
  8 orc wizards
  A bullfrog skeleton (D:6)
  An iguana (D:5)
  Ijyb (D:3)
  2 worker ants (D:5)
  7 gnolls
  A worker ant zombie (D:7)
  3 adders
  A white imp (D:5)
  2 ufetubi
  An ooze (D:6)
  4 worms
  A dart slug (D:2)
  3 leopard geckos
  14 orcs
  2 ball pythons
  4 giant cockroaches
  5 goblins
  4 hobgoblins
  9 jackals
  3 kobolds (D:3)
  2 quokkas
  A ball python skeleton (D:4)
  4 bats
  6 frilled lizards
  A rat (D:2)
109 creatures vanquished.

Notes
Turn   | Place    | Note
-------+----------+-------------------------------------------
     0 | D:1      | Lanoc the Naga Chaos Knight began the quest for the Orb.
     0 | D:1      | Reached XP level 1. HP: 21/21 MP: 1/1
    50 | D:1      | Reached skill level 1 in Dodging
    50 | D:1      | Reached XP level 2. HP: 18/28 MP: 2/2
    58 | D:1      | XOM: potion effect (berserk rage)
   286 | D:2      | Reached XP level 3. HP: 31/34 MP: 3/3
   294 | D:3      | Noticed Ijyb
   304 | D:3      | Killed Ijyb
   318 | D:3      | XOM: divination: detect items
   349 | D:3      | XOM is BORED!
   349 | D:3      | XOM: silly message
   399 | D:3      | XOM: potion effect (curing)
   405 | D:3      | Reached skill level 4 in Maces & Flails
   405 | D:3      | Reached XP level 4. HP: 22/42 MP: 4/4
   594 | D:3      | XOM: silly message
   947 | D:3      | Found a shattered altar of Ashenzari.
   966 | D:3      | Found a shimmering altar of Xom.
   974 | D:3      | XOM: divination: detect creatures
  1137 | D:3      | Reached XP level 5. HP: 36/49 MP: 5/5
  1238 | D:3      | XOM: silly message
  1246 | D:3      | Found a hazy altar of Hepliaklqana.
  1247 | D:3      | Found a snail-covered altar of Cheibriados.
  1341 | D:4      | XOM is BORED!
  1341 | D:4      | XOM: silly message
  1377 | D:4      | XOM: noise
  1387 | D:4      | Reached XP level 6. HP: 32/57 MP: 6/6
  1587 | D:4      | Found an ornate altar of the Wu Jian Council.
  1593 | D:4      | XOM: divination: detect items
  1599 | D:4      | XOM: confuse monster(s)
  1606 | D:4      | Reached skill level 5 in Maces & Flails
  1613 | D:4      | HP: 2/57 [gnoll/+2 vorpal halberd (3)]
  1615 | D:4      | XOM: divination: detect creatures
  1637 | D:4      | Reached XP level 7. HP: 14/64 MP: 7/7
  1641 | D:4      | XOM: noise
  1670 | D:4      | Found a radiant altar of Vehumet.
  1670 | D:4      | XOM: 1-stop teleportation journey
  1835 | D:4      | XOM: divination: magic mapping
  1925 | D:4      | Found a sacrificial altar of Ru.
  2010 | D:4      | XOM: silly message
  2043 | D:4      | Found a basalt altar of Yredelemnul.
  2109 | D:4      | Noticed PanSaczeczos's ghost (amateur DrVM)
  2131 | D:4      | Found a runed translucent gate.
  2131 | D:4      | Found a runed translucent gate.
  2131 | D:4      | Found a runed translucent gate.
  2345 | D:5      | Entered Level 5 of the Dungeon
  2407 | D:5      | Found a staircase to the Ecumenical Temple.
  2494 | D:5      | XOM: 1-stop teleportation journey
  2501 | D:5      | Noticed Blork the orc
  2501 | D:5      | Noticed Menkaure
  2791 | D:5      | XOM: scenery: create altars
  2792 | D:5      | XOM: confuse monster(s)
  2794 | D:5      | XOM: silly message
  2799 | D:5      | Killed Menkaure
  2799 | D:5      | Reached skill level 6 in Maces & Flails
  2914 | D:5      | XOM: stat loss: -1 Str (19/20)
  2946 | D:5      | Reached skill level 1 in Shields
  2946 | D:5      | Reached XP level 8. HP: 63/73 MP: 8/8
  2985 | D:5      | Killed Blork the orc
  3085 | D:5      | XOM: noise
  3189 | D:5      | XOM: confusion
  3196 | D:5      | Noticed a yak
  3223 | D:5      | XOM: confuse monster(s)
  3235 | D:5      | Killed a yak
  3235 | D:5      | Reached skill level 5 in Fighting
  3323 | D:6      | Found Osamy's Antique Armour Boutique.
  3383 | D:6      | Reached skill level 7 in Maces & Flails
  3539 | D:6      | XOM: stat loss: -1 Str (20/21)
  3617 | D:6      | Found an opulent altar of Gozag.
  3651 | D:6      | XOM: 1-stop teleportation journey
  3787 | D:6      | Got a warped hand axe
  3788 | D:6      | Identified the +2 hand axe "Zomif" {venom, rF+} (You found
                  | it on level 6 of the Dungeon)
  3830 | D:6      | Noticed an Executioner
  3831 | D:6      | Found a burning altar of Makhleb.
  3849 | D:6      | Found a sparkling altar of Nemelex Xobeh.
  3875 | D:6      | Found a stormy altar of Qazlal.
  3926 | D:6      | Found an opulent altar of Gozag.
  3931 | D:6      | XOM: give mutation
  3931 | D:6      | Gained mutation: You are resistant to hostile enchantments.
                  | (MR+) [Xom's mischief]
  3957 | D:6      | Found a glowing silver altar of Zin.
  3958 | D:6      | Noticed an angel
  4037 | D:7      | Noticed a cyclops
  4122 | D:7      | Xom revived you
  4123 | D:7      | Slain by a cyclops

Illustrated notes

Levels and vault maps discovered:
D:1:      tarquinn_simple_flora_water_d, layout_basic, st_stairs_11
D:2:      layout_basic, chequers_ecumenical_altar_simple
D:3:      layout_rooms, lemuel_doored_altar, gammafunk_temple_overflow_statue,
          tgw_xom, uniq_ijyb
D:4:      layout_basic, old_standard_altar, lemuel_round_altar,
          nicolae_ru_path_of_blood, lemuel_round_altar, gammafunk_ghost_icy,
          lightli_corner_chamber
D:5:      minmay_chambers_of_fours, layout_basic,
          minmay_temple_entry_from_below_a, uniq_blork_the_orc, uniq_menkaure
D:6:      layout_basic, lemuel_round_altar, nemelex_xobeh_ov_fountains_minmay,
          kennysheep_mini_moat, grunt_temple_overflow_order_and_chaos_2,
          serial_shops, shop, grunt_gozag_breadcrumbs
D:7:      minmay_general_purpose_star, layout_basic, dancing_weapons_uskayaw,
          uniq_prince_ribbit1, uniq_duvessa

Skill      XL: |  1  2  3  4  5  6  7  8 |
---------------+-------------------------+-----
Dodging        | 1 2 3 |  3.8
Armour         | 2 3 4 |  4.2
Maces & Flails | 4 5 6 7 |  7.3
Fighting       | 4 5 |  5.5
Shields        | 1 2 |  2.3

Action                   |  1- 3 |  4- 6 |  7- 9 || total
-------------------------+-------+-------+-------++-------
Melee: Mace              |    81 |   123 |   206 ||   410
 Abil: Spit Poison       |     3 |     9 |    21 ||    33
  Use: Potion            |       |     5 |     4 ||     9
 Stab: Paralysed         |       |     2 |       ||     2
       Confused          |       |     1 |     1 ||     2
       Invisible         |       |     1 |       ||     1
Armor: Leather armour    |    80 |    49 |   116 ||   245
Dodge: Dodged            |    57 |    47 |    91 ||   195
Block: Buckler           |       |       |    29 ||    29

Table legend: (Time is in decaauts)
 A = Elapsed time spent in this place.
 B = Non-inter-level travel time spent in this place.
 C = Inter-level travel time spent in this place.
 D = Time resting spent in this place.
 E = Time spent auto-exploring this place.
 F = Levels seen in this place.
 G = Mean time per level.
                   A        B        C        D        E       F      G
               +--------+--------+--------+--------+--------+-----+--------+
         Total |   5095 |   4883 |    212 |     97 |   3746 |   7 |  727.9 |
       Dungeon |   5095 |   4883 |    212 |     97 |   3746 |   7 |  727.9 |
               +--------+--------+--------+--------+--------+-----+--------+

Top non-repeatable levels by time:
     D:4: 1335 daAuts
     D:5: 1263 daAuts
     D:3: 1188 daAuts
     D:6: 927 daAuts
     D:1: 265 daAuts
     D:2: 87 daAuts
     D:7: 27 daAuts
